 Dungeon Crawl Stone Soup version 0.30-a0-859-gf88a04b62d (webtiles) character file.

Game seed: 6407194446449290786

864 Ijustatesigmund the Magician (level 7, -4/40 HPs)
             Began as a Deep Elf Conjurer on Mar 6, 2023.
             Slain by an orc warrior
             ... wielding a +0 war axe
              (14 damage)
             ... on level 6 of the Dungeon.
             The game lasted 00:05:46 (5396 turns).

Ijustatesigmund the Magician (Deep Elf Conjurer)    Turns: 5396, Time: 00:05:47

Health: -4/40      AC:  2    Str:  4    XL:     7   Next: 72%
Magic:  5/20       EV: 12    Int: 25    God:
Gold:   260        SH:  0    Dex: 13    Spells: 14/21 levels left

rFire   . . .      SeeInvis .    i - +2 dagger (flame)
rCold   . . .      Faith    .    (no shield)
rNeg    . . .      Spirit   .    a - +0 robe
rPois   .          Reflect  .    (no helmet)
rElec   .          Rampage  .    (no cloak)
rCorr   .                        (no gloves)
Will    .....                    (no boots)
Stlth   ++                       (no amulet)
HPRegen 0.26/turn                q - ring of wizardry
MPRegen 0.17/turn                (no ring)

@: no status effects
A: no striking features
a: no special abilities


You were on level 6 of the Dungeon.
You visited 1 branch of the dungeon, and saw 6 of its levels.

You collected 260 gold pieces.

Inventory:

Hand Weapons
 i - a +2 dagger of flaming (weapon)
Armour
 a - a +0 robe (worn)
Jewellery
 q - a ring of wizardry (left hand)
Wands
 r - a wand of polymorph (8)
 t - a wand of flame (8)
 w - a wand of iceblast (14)
Scrolls
 e - 8 scrolls of identify {unknown}
 h - 4 scrolls of teleportation {unknown}
 j - 2 scrolls of butterflies {unknown}
 k - 2 scrolls of noise {unknown}
 m - a scroll of fog {unknown}
 n - 2 scrolls of brand weapon {unknown}
 o - 2 scrolls of enchant armour {unknown}
 s - a scroll of blinking {unknown}
 u - a scroll of amnesia {unknown}
 x - a scroll of poison {unknown}
 y - a scroll of immolation {unknown}
Potions
 b - a potion of magic
 c - 2 potions of curing {unknown}
 d - 2 potions of brilliance {unknown}
 f - 2 potions of berserk rage {unknown}
 g - a potion of heal wounds {unknown}
 l - 3 potions of might {unknown}
 p - a potion of flight {unknown}
 v - a potion of degeneration {unknown}
 z - a potion of ambrosia {unknown}


   Skills:
 - Level 2.2 Fighting
 - Level 2.4 Dodging
 - Level 2.4 Stealth
 + Level 7.9 Spellcasting
 - Level 5.4 Conjurations
 + Level 5.0 Translocations
 - Level 2.0 Evocations


You had 14 spell levels left.
You knew the following spells:

 Your Spells              Type           Power      Damage    Failure   Level
a - Magic Dart            Conj           100%       1d8       1%          1
b - Searing Ray           Conj           74%        2d7       1%          2
c - Iskenderun's Mystic   Conj/Tloc      36%        2d9       2%          4

Your spell library contained the following spells:

 Spells                   Type           Power      Damage    Failure   Level
 Dazzling Flash           Conj/Hex       46%        N/A       2%          3
 Mephitic Cloud           Conj/Pois/Air  18%        N/A       3%          3
 Cigotuvi's Dreadful Rot  Necr/Pois/Air  18%        N/A       4%          2
 Ensorcelled Hibernation  Hex/Ice        18%        N/A       4%          2
 Poisonous Vapours        Pois/Air       18%        N/A       4%          2
 Spider Form              Tmut/Pois      9%         N/A       8%          3
 Fulminant Prism          Conj/Hex       11%        3d8       9%          4
 Anguish                  Hex/Necr       4%         N/A       24%         4


Dungeon Overview and Level Annotations

Branches:
Dungeon (6/15)
 Temple: D:4-7

Altars:
The Shining One

Shops:
D:5 *


Message History

You climb upwards.
There is a stone staircase leading down here.
You start resting.
HP restored.
You start resting.
Magic restored.
You climb downwards.
The orc warrior hits you with a +0 war axe.
There is a stone staircase leading up, spattered with blood here.
Casting: Iskenderun's Mystic Blast (dangerous; 2% risk of failure)
Confirm with . or Enter, or press ? or * to list all spells.
You erupt in a blast of force!
The mystic blast hits the orc warrior but does no damage.
An orc comes into view. It is wielding a +0 trident.
The orc warrior hits you with a +0 war axe!
The orc warrior closely misses you.
Casting: Iskenderun's Mystic Blast (dangerous; 2% risk of failure)
Confirm with . or Enter, or press ? or * to list all spells.
You erupt in a blast of force!
The mystic blast hits the orc warrior.
The orc warrior is lightly wounded.
The orc warrior misses you.
The orc warrior hits you with a +0 war axe!
* * * LOW HITPOINT WARNING * * *
Casting: Iskenderun's Mystic Blast (dangerous; 2% risk of failure)
Confirm with . or Enter, or press ? or * to list all spells.
You erupt in a blast of force!
The mystic blast hits the orc!
You kill the orc!
The mystic blast hits the orc warrior but does no damage.
The orc warrior is lightly wounded.
The orc warrior misses you. The orc warrior barely misses you.
Okay, then.
Okay, then.
Okay, then.
Casting: Iskenderun's Mystic Blast (dangerous; 2% risk of failure)
Confirm with . or Enter, or press ? or * to list all spells.
You erupt in a blast of force!
The mystic blast hits the orc warrior!
The orc warrior is heavily wounded.
The orc warrior hits you with a +0 war axe!
You die...

..## ### #
....# #.. .#
.....##.###.
.$....#.#..
>...#.#.#
#....).#
#..o..###..P
#$..@......♣
#..[[[###..#
#.......
#.........
#.........#
####.####..P
#.# .$. #.#
..


You could see an orc warrior.

Vanquished Creatures
  A black bear (D:4)
  3 ogres (D:5)
  A bullfrog (D:6)
  2 hounds (D:5)
  A jelly (D:5)
  2 iguanas
  A sleepcap (D:5)
  2 orc wizards (D:6)
  17 adders
  An ufetubus (D:5)
  2 worms
  A dart slug (D:3)
  7 orcs
  5 endoplasms
  A giant cockroach (D:2)
  9 goblins
  3 hobgoblins
  5 jackals
  2 quokkas
  7 ball pythons
  5 bats
  7 frilled lizards
  2 kobolds
  5 rats
92 creatures vanquished.

Notes
Turn   | Place    | Note
-------+----------+-------------------------------------------
     0 | D:1      | Ijustatesigmund the Deep Elf Conjurer began the quest for
                  | the Orb.
     0 | D:1      | Reached XP level 1. HP: 10/10 MP: 6/6
   475 | D:1      | Reached XP level 2. HP: 15/15 MP: 6/8
  1166 | D:2      | Reached skill level 4 in Spellcasting
  1321 | D:2      | Learned a level 2 spell: Searing Ray
  1348 | D:2      | Reached skill level 5 in Conjurations
  1348 | D:2      | Reached XP level 3. HP: 19/19 MP: 5/10
  1430 | D:2      | Identified the +8 dagger of Vekukk {speed, Fly}
  2182 | D:3      | Reached XP level 4. HP: 24/24 MP: 10/12
  2278 | D:3      | Found a glowing golden altar of the Shining One.
  2284 | D:3      | Reached skill level 1 in Fighting
  2587 | D:3      | Learned a level 4 spell: Iskenderun's Mystic Blast
  2850 | D:3      | Reached skill level 5 in Spellcasting
  2850 | D:3      | Reached skill level 1 in Translocations
  2850 | D:3      | Reached XP level 5. HP: 25/29 MP: 5/14
  3274 | D:4      | Noticed a black bear
  3281 | D:4      | Killed a black bear
  3282 | D:4      | Reached XP level 6. HP: 35/35 MP: 8/16
  3749 | D:5      | Entered Level 5 of the Dungeon
  3760 | D:5      | Reached skill level 6 in Spellcasting
  4258 | D:5      | Found Rompugoh's Overcharged Wands.
  4280 | D:5      | Reached XP level 7. HP: 40/40 MP: 11/19
  4446 | D:5      | Reached skill level 7 in Spellcasting
  4446 | D:5      | Reached skill level 1 in Evocations
  5302 | D:6      | Reached skill level 5 in Translocations
  5396 | D:6      | Slain by an orc warrior

Illustrated notes

Levels and vault maps discovered:
D:1:      dpeg_arrival_round_c, layout_loops_ring, serial_rivers,
          chequers_serial_rivers_small_b, chequers_serial_rivers_micro_b,
          chequers_serial_rivers_micro_b, chequers_serial_rivers_micro_d,
          chequers_serial_rivers_large_a, chequers_serial_rivers_room_a,
          minmay_lizard_pond
D:2:      layout_basic
D:3:      layout_rooms, mainiacjoe_overflow_24_doors, guppyfry_early_lair_pool
D:4:      layout_basic, palyth_stone_intersect, chequers_serial_rivers_room_a
D:5:      layout_loops_ring, minmay_temple_entry_from_below_a,
          nicolae_shop_overcharged_wands
D:6:      kennysheep_kobold_camp, layout_rooms, serial_shops,
          nicolae_shop_competitors_out_of_business, uniq_edmund,
          uniq_crazy_yiuf_cottage

Skill      XL: |  1  2  3  4  5  6  7 |
---------------+----------------------+-----
Spellcasting   | 4 5 6 7 |  7.9
Conjurations   | 5 |  5.4
Fighting       | 1 2 |  2.2
Translocations | 1 2 3 5 |  5.0
Evocations     | 2 |  2.0
Dodging        | |  2.4
Stealth        | |  2.4

Action                     |  1- 3 |  4- 6 |  7- 9 || total
---------------------------+-------+-------+-------++-------
   Cast: Magic Dart        |    61 |   132 |    20 ||   213
         Iskenderun's Myst |       |     2 |    11 ||    13
         Searing Ray       |       |     2 |     2 ||     4
 Armour: Robe              |       |     1 |     1 ||     2
  Dodge: Dodged            |     1 |     9 |     7 ||    17

Table legend: (Time is in decaauts)
 A = Elapsed time spent in this place.
 B = Non-inter-level travel time spent in this place.
 C = Inter-level travel time spent in this place.
 D = Time resting spent in this place.
 E = Time spent auto-exploring this place.
 F = Levels seen in this place.
 G = Mean time per level.
                   A        B        C        D        E       F      G
               +--------+--------+--------+--------+--------+-----+--------+
         Total |   5410 |   5253 |    157 |    803 |   4044 |   6 |  901.7 |
       Dungeon |   5410 |   5253 |    157 |    803 |   4044 |   6 |  901.7 |
               +--------+--------+--------+--------+--------+-----+--------+

Top non-repeatable levels by time:
     D:5: 1622 daAuts
     D:2: 1132 daAuts
     D:1: 948 daAuts
     D:3: 942 daAuts
     D:4: 740 daAuts
     D:6: 24 daAuts
